 Dungeon Crawl Stone Soup version 0.22-a0-346-ga714374 (webtiles) character file.

23 xccam the Magician (level 2, 0/23 HPs)
             Began as a Gnoll Wanderer on Apr 6, 2018.
             Slain by a giant cockroach (1 damage)
             ... on level 2 of the Dungeon.
             The game lasted 00:01:15 (1059 turns).

xccam the Magician (Gnoll Wanderer)                 Turns: 1059, Time: 00:01:16

Health: 0/23       AC:  5    Str: 13    XL:     2   Next: 95%
Magic:  7/7        EV: 10    Int: 13    God:
Gold:   27         SH:  0    Dex: 16    Spells: 10/10 levels left

rFire    . . .     SeeInvis .   d - +0 dagger
rCold    . . .     Gourm    .   (no shield)
rNeg     . . .     Faith    .   c - +0 ring mail
rPois    .         Spirit   .   (no helmet)
rElec    .         Reflect  .   (no cloak)
rCorr    .         Harm     .   (no gloves)
MR       .....                  (no boots)
Stlth    +.........             (no amulet)
HPRegen  0.07/turn              (no ring)
MPRegen  0.10/turn              (no ring)

@: no status effects
A: distributed training, fangs 1, strong nose
a: no special abilities


You were on level 2 of the Dungeon.
You were hungry.

You visited 1 branch of the dungeon, and saw 2 of its levels.

You collected 27 gold pieces.

Inventory:

Hand Weapons
 d - a +0 dagger (weapon)
Armour
 c - a +0 ring mail (worn)
Scrolls
 e - a scroll of amnesia {unknown}
Potions
 a - a potion of haste {unknown}
 b - a potion of curing
 g - 3 potions of heal wounds {unknown}
Comestibles
 f - a ration


   Skills:
 + Level 2.5 Fighting
 + Level 0.5 Short Blades
 + Level 0.5 Long Blades
 + Level 0.5 Axes
 + Level 0.5 Maces & Flails
 + Level 0.5 Polearms
 + Level 0.5 Staves
 + Level 0.5 Slings
 + Level 0.5 Bows
 + Level 2.5 Crossbows
 + Level 0.5 Throwing
 + Level 2.5 Armour
 + Level 0.5 Dodging
 + Level 0.5 Stealth
 + Level 0.5 Shields
 + Level 0.5 Unarmed Combat
 + Level 4.9 Spellcasting
 + Level 0.4 Conjurations
 + Level 3.7 Hexes
 + Level 0.4 Charms
 + Level 0.4 Summonings
 + Level 0.4 Necromancy
 + Level 0.4 Translocations
 + Level 0.4 Transmutations
 + Level 0.4 Fire Magic
 + Level 0.4 Ice Magic
 + Level 2.0 Air Magic
 + Level 0.4 Earth Magic
 + Level 0.4 Poison Magic
 + Level 0.7 Invocations
 + Level 4.5 Evocations


You had 10 spell levels left.
You didn't know any spells.

Dungeon Overview and Level Annotations

Branches:
Dungeon (2/15)

Altars:


Innate Abilities, Weirdness & Mutations

Your experience applies equally to all skills.
You have very sharp teeth.
Your uncanny sense of smell can sniff out nearby items.


Message History

The goblin is almost dead.
The goblin closely misses you. The kobold hits you but does no damage.
You hit the goblin.
You kill the goblin!
The kobold hits you but does no damage. The giant cockroach bites you.
You hit the kobold.
The kobold is moderately wounded.
The giant cockroach bites you. The kobold hits you with a short sword.
* * * LOW HITPOINT WARNING * * *
You hit the kobold but do no damage.
The kobold is moderately wounded.
The giant cockroach bites you but does no damage.
The kobold misses you.
You barely miss the kobold.
The kobold is moderately wounded.
The giant cockroach bites you but does no damage.
The kobold hits you with a short sword.
* * * LOW HITPOINT WARNING * * *
The giant cockroach bites you.
You die...

.#
#########..#
#...........
#...........
#.........#
#.........#
#.........##
#..<........
#...@s....#
#...†K....#
#.........#
#.........#
##.....####
#.....#
#...(.#
#.....#


You could see a giant cockroach and a kobold.

Vanquished Creatures
  A leopard gecko (D:1)
  4 goblins
  3 hobgoblins (D:1)
  2 jackals (D:1)
  2 kobolds (D:1)
  3 bats (D:1)
  A frilled lizard (D:1)
  5 rats (D:1)
21 creatures vanquished.

Notes
Turn   | Place    | Note
-------+----------+-------------------------------------------
     0 | D:1      | xccam the Gnoll Wanderer began the quest for the Orb.
     0 | D:1      | xccam set off with: a potion of curing, a +0 ring mail, a +0 dagger, a ration
     0 | D:1      | Reached XP level 1. HP: 17/17 MP: 6/6
   136 | D:1      | Reached XP level 2. HP: 9/23 MP: 7/7
  1059 | D:2      | HP: 1/23 [kobold/short sword (2)]
  1059 | D:2      | Slain by a giant cockroach

Vault maps used:
D:1:      arrival_zaba_pyramid, serial_co_window_serial, co_window_paths_a,
          co_window_cross_1, co_window_corner_a, co_window_paths_a,
          co_window_paths_a, co_window_paths_a, co_window_broadway_c,
          co_window_cross_3, co_window_paths_c
D:2:      lemuel_round_altar, kennysheep_pointless_box, uniq_sigmund

Skill      XL: |  1 |
---------------+----+-----
Air Magic      | 2 |  2.0
Fighting       | |  2.5
Short Blades   | |  0.5
Long Blades    | |  0.5
Axes           | |  0.5
Maces & Flails | |  0.5
Polearms       | |  0.5
Staves         | |  0.5
Slings         | |  0.5
Bows           | |  0.5
Crossbows      | |  2.5
Throwing       | |  0.5
Armour         | |  2.5
Dodging        | |  0.5
Stealth        | |  0.5
Shields        | |  0.5
Unarmed Combat | |  0.5
Spellcasting   | |  4.9
Conjurations   | |  0.4
Hexes          | |  3.7
Charms         | |  0.4
Summonings     | |  0.4
Necromancy     | |  0.4
Translocations | |  0.4
Transmutations | |  0.4
Fire Magic     | |  0.4
Ice Magic      | |  0.4
Earth Magic    | |  0.4
Poison Magic   | |  0.4
Invocations    | |  0.7
Evocations     | |  4.5

Action                   || total
-------------------------++-------
Melee: Dagger            ||   127
       Bite              ||    12
Armor: Ring mail         ||    54
Dodge: Dodged            ||    73

Table legend:
 A = Spawn XP
 B = Non-spawn XP
 C = Spawn XP percentage of total XP
 D = Spawn monster count
 E = Non-spawn monster count
 F = Spawn count percentage of total count
 G = Total turns spent on level
                    A         B        C        D         E        F      G
               +---------+---------+-------+---------+---------+-------+---------
         Total |       0 |      33 |   0.0 |       0 |      21 |   0.0 |  1059
               +---------+---------+-------+---------+---------+-------+---------
           D:1 |       0 |      31 |   0.0 |       0 |      20 |   0.0 |  1042
           D:2 |       0 |       2 |   0.0 |       0 |       1 |   0.0 |    17
               +---------+---------+-------+---------+---------+-------+---------
